[Event "Early-Titled-Tuesday-Blitz-November-28-2023"]
[Site "Chess.com"]
[Date "2023.11.28"]
[Round "11"]
[White "Abund"]
[Black "vi_pranav"]
[Result "0-1"]
[WhiteElo "2778"]
[BlackElo "3026"]
[TimeControl "180+1"]
[EndTime "10:11:41 PST"]
[Termination "vi_pranav won on time"]

1. e4 c6 2. d4 d5 3. exd5 cxd5 4.
Bd3 Nc6 5. c3 e5 6. dxe5 Nxe5 7.
Bb5+ Nc6 8. Nf3 Nf6 9. O-O Be7 10. Ne5 Bd7 11. Nxd7 Qxd7 12. Nd2 O-O 13. Nf3 h6 14. Re1 Bd6 15. Be3 Rfe8 16. Qd3 a6 17. Ba4 Qg4 18. Bc2 Rad8 19. h3 Qh5 20. Bb6 Rb8 21. Rad1 Bf8 22. Nd4 Ne5 23. Qf5 Qxf5 24. Bxf5 Bd6 25.
b3 g6 26. Bb1 Ned7 27. Ba5 Kg7 28. c4 dxc4 29. bxc4 Rxe1+ 30. Bxe1 Be5 31. Nf3 Bb2 32. Bd3 Nc5 33. Be2 Nfe4 34. Rb1 Bc3 35. Kf1 Bxe1 36. Rxe1 Nc3 37. a3 Rd8 38. Rc1 Nxe2 39. Kxe2 Rd3 40. Rd1 Rxa3 41. Rd5 b6 42. Rd6 Rb3 43. Rc6 a5 44.
Ne5 Ne6 45. Rd6 Kf6 46. Nd3 Ke7 0-1

[Event "Early-Titled-Tuesday-Blitz-November-28-2023"]
[Site "Chess.com"]
[Date "2023.11.28"]
[Round "11"]
[White "NowInChess"]
[Black "RebecaJimnz"]
[Result "1-0"]
[WhiteElo "2191"]
[BlackElo "2279"]
[TimeControl "180+1"]
[EndTime "10:11:41 PST"]
[Termination "NowInChess won by resignation"]

1. e4 c5 2. d3 Nc6 3. g3 g6 4. Bg2 Bg7 5. f4 Nf6 6. Nf3 O-O 7.
O-O d6 8. Nc3 Rb8 9. a4 a6 10.
h3 Nd4 11. Ne2 Nxf3+ 12. Rxf3 b5 13. axb5 axb5 14. g4 b4 15. f5 Nd7 16. g5 Ne5 17. Rf2 Nc6 18. Kh1 Nd4 19. Ng3 Be5 20. Bf4 Bg7 21. Ra7 gxf5 22. exf5 Nxf5 23. Nxf5 Bxf5 24. Bxd6 Qxd6 25. Rxf5 Bxb2 26. Be4 Bd4 27. Qh5 Qg6 28. Qh4 Qg7 29. Rf1 e6 30. Rf6 Ra8 31. Rxa8 Rxa8 32. Bxa8 Bxf6 33. gxf6 Qg6 34. Qg4 Qxg4 35. hxg4 h6 36.
Be4 Kf8 37. Kg2 Ke8 38. Kf3 Kd7 39. Kf4 Kd6 40. Bh7 Kd5 41. Bg8 Kd4 42. Bxf7 Kc3 43. Bxe6 Kxc2 44. f7 b3 45. f8=Q b2 46. Qxc5+ Kd2 47.
Qb4+ 1-0

[Event "Early-Titled-Tuesday-Blitz-November-28-2023"]
[Site "Chess.com"]
[Date "2023.11.28"]
[Round "11"]
[White "Meri-Arabidze"]
[Black "SnekkerAndersen"]
[Result "1/2-1/2"]
[WhiteElo "2691"]
[BlackElo "2550"]
[TimeControl "180+1"]
[EndTime "10:11:44 PST"]
[Termination "Game drawn by agreement"]

1. b3 a6 2. Bb2 h6 3. e4 e6 4.
Nf3 d6 5. d4 Nc6 6. Bd3 Bd7 7.
O-O Nf6 8. c4 Nb4 9. Nc3 Nxd3 10. Qxd3 Be7 11. Rad1 O-O 12. e5 Ne8 13. d5 dxe5 14.
Nxe5 Nf6 15. Rfe1 exd5 16. Nxd5 Be6 17. Nxe7+ Qxe7 18. Qg3 Rfd8 19. h3 Rxd1 20. Rxd1 Rd8 21. Rd3 Rxd3 22. Qxd3 Nd7 23. Nf3 f6 24. Nd4 Nf8 25.
Qf3 c6 26. Qe3 Qd7 27. Ba3 Bf7 28. Bxf8 Kxf8 29. c5 Qd5 30. a3 Kg8 31. b4 a5 32.
Qc3 axb4 33. axb4 Qc4 34. Qxc4 Bxc4 35. Nf5 Kf8 36. f4 Bd3 37. Nd6 Ke7 38. Nxb7 Ke6 39. Kf2 Kd5 40. Na5 Bb5 41. Ke3 Bf1 42. Kf3 Bb5 43.
Ke3 Bf1 44. Kf2 Bb5 1/2-1/2

[Event "Early-Titled-Tuesday-Blitz-November-28-2023"]
[Site "Chess.com"]
[Date "2023.11.28"]
[Round "11"]
[White "ljuks68"]
[Black "ahkashefi2800"]
[Result "1-0"]
[WhiteElo "2460"]
[BlackElo "2564"]
[TimeControl "180+1"]
[EndTime "10:11:44 PST"]
[Termination "ljuks68 won on time"]

1. e4 c5 2. Nf3 g6 3. c4 Nc6 4. d4 cxd4 5. Nxd4 Bg7 6. Be3 Nf6 7. Nc3 O-O 8. Be2 d6 9. O-O Bd7 10.
f3 a6 11. Qd2 Nxd4 12. Bxd4 Bc6 13. b4 Rc8 14. Rac1 Nd7 15. b5 Ne5 16. bxc6 Rxc6 17. Nd5 e6 18. Ne3 Qh4 19. f4 Rd8 20. Rcd1 Rcc8 21.
Qb2 Bh6 22. g3 Qe7 23. fxe5 dxe5 24. Bb6 Rxd1 25. Rxd1 Rc6 26. Ng4 Bf8 27. Be3 h5 28. Nf2 Qc7 29. h4 b5 30. Rc1 bxc4 31. Qc3 a5 32. Bxc4 Bb4 33. Qd3 Rd6 34. Qe2 Rc6 35. Rc2 Qd8 36. Bb5 Rd6 37. Kg2 Kg7 38. a4 Kh7 39.
Nh3 Kg7 40. Ng5 Rd1 41. Qf3 Kh6 42. Nxf7+ Kg7 43. Nxd8 1-0

[Event "Early-Titled-Tuesday-Blitz-November-28-2023"]
[Site "Chess.com"]
[Date "2023.11.28"]
[Round "11"]
[White "alvarorodriguezavila"]
[Black "Elbebiber"]
[Result "0-1"]
[WhiteElo "2219"]
[BlackElo "2134"]
[TimeControl "180+1"]
[EndTime "10:11:45 PST"]
[Termination "Elbebiber won by resignation"]

1. e4 c6 2. d4 d5 3. e5 Bf5 4. h4 h5 5. Bd3 Bxd3 6. Qxd3 e6 7. Nd2 Qa5 8. Ne2 c5 9. c3 Nc6 10. O-O cxd4 11. cxd4 Nh6 12. Nf3 Nf5 13. Ng3 g6 14.
Nxf5 gxf5 15. Bg5 Be7 16. Bxe7 Nxe7 17. Rac1 Nc6 18. a3 a6 19. b4 Qb5 20. Qe3 O-O-O 21.
Rc5 Qb6 22. Rfc1 Kb8 23. Ng5 Rd7 24. Nh3 Ne7 25. Nf4 Ka7 26. g3 Ng6 27. Nxg6 fxg6 28. Qg5 Rg8 29. Qf6 Rdg7 30. Rc8 Qxd4 31. Qxe6 Rxc8 32.
Rxc8 f4 33. Qd6 fxg3 34. Qc5+ Qxc5 35. Rxc5 gxf2+ 36. Kxf2 d4 37. e6 Re7 38. Re5 Kb6 39.
Ke2 Kc6 40. Kd3 Kd6 41. Kxd4 Rxe6 42. Rg5 Kc6 43. a4 b6 44. b5+ axb5 45. axb5+ Kd6 46. Rd5+ Kc7 47. Rg5 Kd6 48. Rd5+ Ke7 49. Rg5 Kf6 50.
Kd5 Ke7 51. Re5 Rxe5+ 52. Kxe5 Kf7 53. Kd6 g5 54. Ke5 gxh4 55. Kf4 Ke6 0-1

[Event "Early-Titled-Tuesday-Blitz-November-28-2023"]
[Site "Chess.com"]
[Date "2023.11.28"]
[Round "11"]
[White "scarabee43"]
[Black "jk13"]
[Result "1-0"]
[WhiteElo "2834"]
[BlackElo "2644"]
[TimeControl "180+1"]
[EndTime "10:11:46 PST"]
[Termination "scarabee43 won on time"]

1. d4 Nf6 2. c4 e6 3. Nf3 Bb4+ 4. Bd2 Bxd2+ 5. Qxd2 O-O 6. Nc3 d5 7. g3 c6 8. Bg2 Nbd7 9. O-O b6 10. Qd3 Ba6 11. b3 c5 12. Nb5 Bb7 13. cxd5 exd5 14. e3 Qe7 15. Rfd1 Rfd8 16. Rac1 h6 17. Nh4 g6 18. dxc5 bxc5 19. Qb1 Kg7 20. Nc7 Rac8 21. Nxd5 Nxd5 22. Bxd5 Bxd5 23. Rxd5 Nf6 24. Rxd8 Rxd8 25.
Nf3 Rd5 26. Qb2 Kg8 27. Nd2 Ng4 28. Nc4 Rf5 29. Rc2 Rh5 30. f3 Nxe3 31. Re2 Nxc4 32. bxc4 Qd8 33. g4 Rh4 34. Kg2 h5 35. h3 hxg4 36.
hxg4 Kh7 37. Qe5 Qd1 38. Re1 Qd2+ 39. Qe2 Qf4 40. Rh1 Rxh1 41. Kxh1 a5 42. Qh2+ Qxh2+ 43. Kxh2 g5 44. Kg3 Kg6 45. Kf2 Kf6 46. Ke2 Ke6 47.
Kd2 Kd6 48. Kd3 a4 49. Ke4 Ke6 50. a3 1-0

[Event "Early-Titled-Tuesday-Blitz-November-28-2023"]
[Site "Chess.com"]
[Date "2023.11.28"]
[Round "11"]
[White "juniortay"]
[Black "CristianS27"]
[Result "0-1"]
[WhiteElo "2506"]
[BlackElo "2597"]
[TimeControl "180+1"]
[EndTime "10:11:46 PST"]
[Termination "CristianS27 won by checkmate"]

1. e4 e5 2. Nf3 Nc6 3. Bc4 Nf6 4. d3 Bc5 5. c3 d6 6. Bb3 a6 7. Nbd2 Ba7 8. h3 Nh5 9. Nf1 Qf6 10. g4 Nf4 11. Ng3 Nxh3 12. Rxh3 Bxg4 13. Nh5 Qg6 14.
Nxg7+ Qxg7 15. Rg3 h5 16. Be3 Bxe3 17. fxe3 O-O-O 18. Qe2 h4 19. Rg1 Rdg8 20. Qf2 Qf6 21. Nh2 Qxf2+ 22.
Kxf2 Be6 23. Bxe6+ fxe6 24. Rxg8+ Rxg8 25. Rg1 Rf8+ 26. Ke2 d5 27. exd5 exd5 28. Rg4 Rh8 29. Rg7 h3 30. Kf3 e4+ 31. dxe4 Ne5+ 32. Kf4 Nd3+ 33. Kg3 dxe4 34. b3 Nc1 35. Kf4 Nxa2 36. c4 Nc1 37. b4 b5 38. cxb5 axb5 39. Kxe4 Na2 40. Kd5 Nxb4+ 41. Kc5 Nc2 42. e4 Rh5+ 43. Kc6 Nb4# 0-1

[Event "Early-Titled-Tuesday-Blitz-November-28-2023"]
[Site "Chess.com"]
[Date "2023.11.28"]
[Round "11"]
[White "Vesper2018"]
[Black "andrzej"]
[Result "1-0"]
[WhiteElo "2600"]
[BlackElo "2455"]
[TimeControl "180+1"]
[EndTime "10:11:47 PST"]
[Termination "Vesper2018 won on time"]

1. e4 e5 2. Nf3 Nf6 3. d4 Nxe4 4. dxe5 d5 5. Nbd2 Qd7 6. Bd3 Nc5 7. Be2 Ne6 8. O-O Be7 9. Nb3 c5 10. c3 O-O 11.
Be3 Nc6 12. Re1 Rd8 13. Bb5 Qc7 14. Qc2 Bd7 15. Bxc6 Bxc6 16. Qf5 a5 17. Ng5 Bxg5 18. Bxg5 Re8 19. Nd2 a4 20. Qg4 Qb6 21. Rab1 d4 22. Nc4 Qa6 23. Nd6 Rf8 24. Nf5 Kh8 25. Rbd1 Bd5 26. Be7 Rg8 27. cxd4 cxd4 28. Nxd4 Nxd4 29. Rxd4 Bxa2 30. Bd6 Be6 31. Qh5 Qa5 32. Red1 Qb5 33. Rh4 h6 34. Be7 Qb3 35. Bf6 Kh7 36. Bxg7 Qxd1+ 37. Qxd1 Rxg7 38. Qd2 Rg6 39. f4 Rag8 40. g3 1-0

[Event "Early-Titled-Tuesday-Blitz-November-28-2023"]
[Site "Chess.com"]
[Date "2023.11.28"]
[Round "11"]
[White "jcmesafischer"]
[Black "Jamal-Jamal-Jamal"]
[Result "1-0"]
[WhiteElo "2357"]
[BlackElo "2464"]
[TimeControl "180+1"]
[EndTime "10:11:47 PST"]
[Termination "jcmesafischer won on time"]

1. e4 e6 2. Qe2 e5 3. Nf3 Nc6 4. c3 Bc5 5. Qb5 Qe7 6. Bc4 Nf6 7. d3 a6 8. Qa4 O-O 9. Bg5 d6 10. Qc2 b5 11. Bd5 Bb7 12. b4 Bb6 13. Nh4 h6 14. Ng6 Qd8 15. Bxf6 Qxf6 16. Nxf8 Rxf8 17. Qe2 Qg5 18.
g3 Qc1+ 19. Qd1 Qb2 20. Nd2 Qxc3 21. Rc1 Qd4 22. O-O Nd8 23. Bxb7 Nxb7 24. Nf3 Qxb4 25. Nh4 Nc5 26. Nf5 Ne6 27. Qg4 Kh7 28. Ne7 Qd2 29. Qf5+ g6 30. Qf6 Nd4 31. Nxg6 Rg8 32. Qxf7+ Rg7 33. Nf8+ Kh8 34. Ng6+ Kh7 35. Nf8+ Kh8 36. Qf6 Ne2+ 37. Kg2 Nf4+ 38. Kh1 Qe2 39. Ng6+ 1-0

[Event "Early-Titled-Tuesday-Blitz-November-28-2023"]
[Site "Chess.com"]
[Date "2023.11.28"]
[Round "11"]
[White "DDTerziev04"]
[Black "stratacticos"]
[Result "1-0"]
[WhiteElo "2148"]
[BlackElo "1770"]
[TimeControl "180+1"]
[EndTime "10:11:47 PST"]
[Termination "DDTerziev04 won on time"]

1. d4 Nf6 2. Nf3 g6 3. c4 c5 4.
e3 Bg7 5. Be2 O-O 6. O-O cxd4 7.
exd4 d5 8. Nc3 dxc4 9. Bxc4 Bg4 10. Be3 Nc6 11. Be2 Nb4 12. h3 Bxf3 13. Bxf3 Nbd5 14. Qd2 Rc8 15. Rfe1 e6 16. Bg5 Nxc3 17. bxc3 Qc7 18. Rac1 b6 19. c4 Rfd8 20. d5 exd5 21. cxd5 Qd6 22.
Bf4 Qd7 23. d6 Rxc1 24. Rxc1 Rc8 25. Rc7 Qf5 26. d7 Rd8 27. Bg5 h6 28. Bxf6 Bxf6 29. Bg4 Qb1+ 30. Rc1 Qb5 31. Rc8 Qb1+ 32. Kh2 Be5+ 33.
g3 Bf6 34. Qe2 Kg7 35. Rxd8 Bxd8 36. Qe8 Bc7 37. Qe2 Qc1 38. Kg2 1-0

[Event "Early-Titled-Tuesday-Blitz-November-28-2023"]
[Site "Chess.com"]
[Date "2023.11.28"]
[Round "11"]
[White "viktorskliarov"]
[Black "AlexTruskavetsky"]
[Result "0-1"]
[WhiteElo "2630"]
[BlackElo "2561"]
[TimeControl "180+1"]
[EndTime "10:11:49 PST"]
[Termination "AlexTruskavetsky won by resignation"]

1. e4 c5 2. Nf3 Nc6 3. Bb5 g6 4. O-O Bg7 5. Re1 e5 6. Bxc6 dxc6 7. d3 Be6 8. Nbd2 f6 9. a3 Nh6 10. b4 cxb4 11. axb4 Nf7 12. Bb2 O-O 13. h3 Qd7 14.
Kh2 Rfd8 15. Qe2 Bf8 16. Bc3 Nd6 17. Nf1 Nb5 18. Bd2 Nd4 19. Nxd4 Qxd4 20. Reb1 b6 21.
Ra3 a5 22. Be3 Qd7 23. Bxb6 axb4 24. Raa1 Rdb8 25. Be3 Qd8 26. Nd2 Rxa1 27. Rxa1 Ra8 28. Rxa8 Qxa8 29. Qd1 Qa2 30. Qb1 Qa3 31. Nc4 Bxc4 32.
dxc4 Kf7 33. Qb3 Ke6 34. g4 Be7 35. c5+ Qxb3 36. cxb3 Kd7 37. Kg2 Kc7 38. Kf1 Kb7 39.
Ke2 Ka6 40. Kd3 Kb5 41. f4 Bxc5 42. Bd2 Bd4 43. f5 g5 44. Be1 h6 45. h4 Bc5 46.
hxg5 hxg5 47. Bd2 Bd4 48. Be1 c5 49. Bd2 c4+ 50. bxc4+ Ka4 51. Be1 b3 52. Bd2 Ka3 53. Bc1+ Ka2 54. c5 Bxc5 55. Kc4 Be3 56. Bxe3 b2 57.
Bb6 b1=Q 58. Bd8 Qxe4+ 59. Kb5 Qxg4 60. Bxf6 Qxf5 0-1

[Event "Early-Titled-Tuesday-Blitz-November-28-2023"]
[Site "Chess.com"]
[Date "2023.11.28"]
[Round "11"]
[White "tacticthunder"]
[Black "TigrVShlyape"]
[Result "0-1"]
[WhiteElo "2792"]
[BlackElo "2976"]
[TimeControl "180+1"]
[EndTime "10:11:51 PST"]
[Termination "TigrVShlyape won by checkmate"]

1. e4 c5 2. Nf3 e6 3. d4 cxd4 4. Nxd4 a6 5. c4 Nc6 6. Nc3 Bb4 7. Nc2 Bxc3+ 8. bxc3 Nf6 9. f3 O-O 10. Ba3 Re8 11.
Bd6 e5 12. Nb4 Re6 13. Qd2 Ne8 14. Bc5 d6 15. Be3 Bd7 16. Nd5 Rb8 17. Bb6 Qh4+ 18. Qf2 Qh6 19. Be3 Qg6 20. h4 f5 21. h5 Qf7 22. Bd3 f4 23. Bb6 Rh6 24. g4 fxg3 25.
Qxg3 Rxh5 26. Rxh5 Qxh5 27. Kf2 Qh3 28. Qxh3 Bxh3 29.
Rb1 Be6 30. Nc7 Kf7 31. Nxe6 Kxe6 32. c5 Rc8 33. Bc4+ Ke7 34. cxd6+ Nxd6 35. Bd5 Nb8 36. Ba5 b5 37. Rg1 g6 38. Rh1 h5 39. Rg1 Kf6 40. Bb4 Nc4 41. a4 Nc6 42. axb5 Nxb4 43. cxb4 axb5 44. Ra1 Nd6 45. Ra6 Rd8 46. Kg3 Kg5 47.
Rb6 h4+ 48. Kh3 Kf4 49. Kxh4 Rh8# 0-1

[Event "Early-Titled-Tuesday-Blitz-November-28-2023"]
[Site "Chess.com"]
[Date "2023.11.28"]
[Round "11"]
[White "RobertoJBM"]
[Black "SayonaraPonytail"]
[Result "0-1"]
[WhiteElo "2795"]
[BlackElo "2589"]
[TimeControl "180+1"]
[EndTime "10:11:52 PST"]
[Termination "SayonaraPonytail won by resignation"]

1. d4 d5 2. c4 c6 3. Nc3 Nf6 4. Nf3 dxc4 5. a4 Bf5 6. Ne5 Nbd7 7. Nxc4 Nb6 8. Ne5 a5 9. f3 Nfd7 10. Nxd7 Bxd7 11. e4 e6 12. Be3 Bb4 13. Kf2 O-O 14. Qc2 Rc8 15. Rd1 Qe7 16. Bd3 c5 17.
d5 e5 18. Bb5 Qd6 19. Bxd7 Nxd7 20. Nb5 Qg6 21. g4 Nf6 22. h4 h5 23. g5 Nd7 24. Rdg1 Kh8 25. Ke2 c4 26. Kf2 Bc5 27.
Qe2 Bxe3+ 28. Qxe3 Nc5 29. Kg3 Nxa4 30. Rg2 Nc5 31.
Na3 Nb3 32. Nxc4 Rxc4 33. Qxb3 Rb4 34. Qc3 f5 35. Qxe5 fxe4 36. f4 Rb3+ 37. Kh2 Rf3 38.
Re2 R8xf4 39. d6 Rxh4+ 40. Kg2 Rg4+ 41. Kh2 Rxg5 42. Qe7 Qf5 43. Qe8+ Kh7 44. Qxe4 Rf2+ 45.
Rxf2 Qxe4 46. Rg2 Qh4+ 47. Kg1 0-1

[Event "Early-Titled-Tuesday-Blitz-November-28-2023"]
[Site "Chess.com"]
[Date "2023.11.28"]
[Round "11"]
[White "atalz0"]
[Black "esrosenberg"]
[Result "0-1"]
[WhiteElo "2474"]
[BlackElo "2405"]
[TimeControl "180+1"]
[EndTime "10:11:52 PST"]
[Termination "esrosenberg won on time"]

1. d4 Nf6 2. c4 g6 3. f3 d5 4. cxd5 Nxd5 5. e4 Nb6 6. Nc3 Bg7 7. Be3 O-O 8. a4 a5 9. Rc1 Nc6 10. Nb5 e6 11. h4 h5 12. g4 hxg4 13. h5 gxf3 14.
Nxf3 e5 15. hxg6 exd4 16. Nfxd4 Nxd4 17. Bxd4 Qg5 18. Rxc7 Qg3+ 19. Bf2 Qxg6 20. Bd3 Bg4 21. Qb3 Rae8 22. Rg1 Rxe4+ 23. Bxe4 Qxe4+ 24. Qe3 Qxe3+ 25. Bxe3 Nd5 26. Rxg4 Nxe3 27. Re4 Nd5 28. Rxb7 Nb4 29. Kd2 Rd8+ 30. Kc1 Nd3+ 31. Kc2 Nb4+ 32. Kb3 Rd2 33. Nc3 Rd3 34. Re8+ Kh7 35. Rxf7 Kg6 36. Ra7 Nd5 37.
Re6+ Kf5 38. Rc6 Bxc3 39. bxc3 Ke4 40. Rxa5 Ne3 41. Rb5 Nd5 42. Rc4+ Ke3 43. Rcc5 Nf4 44. Re5+ Kf3 45. Rf5 Kg4 46. Rg5+ Kf3 47. Rgf5 Kg4 48. a5 Ne2 0-1

[Event "Early-Titled-Tuesday-Blitz-November-28-2023"]
[Site "Chess.com"]
[Date "2023.11.28"]
[Round "11"]
[White "Eloist"]
[Black "guillembaches"]
[Result "0-1"]
[WhiteElo "2357"]
[BlackElo "2509"]
[TimeControl "180+1"]
[EndTime "10:11:53 PST"]
[Termination "guillembaches won by resignation"]

1. e4 d5 2. exd5 Qxd5 3. Nc3 Qa5 4. d4 Nf6 5. Nf3 Bf5 6. Bd3 e6 7. Bxf5 Qxf5 8. O-O Nc6 9. Ne2 Bd6 10. c3 h6 11. Ng3 Qd5 12. Qb3 O-O-O 13. Qxd5 exd5 14. Nf5 Bf8 15. Bf4 g6 16. Ng3 Bg7 17. Rfe1 Rhe8 18.
Ne5 Nxe5 19. Bxe5 Bh8 20. Re2 c6 21. Rae1 Kd7 22. f3 Re6 23. f4 Ng4 24. Bxh8 Rxh8 25.
Rxe6 fxe6 26. Nf1 Rf8 27. g3 Nf6 28. Nd2 Kd6 29. Nf3 Ne4 30. Kg2 g5 31. fxg5 hxg5 32.
Re2 c5 33. dxc5+ Kxc5 34. Nd2 Nxd2 35. Rxd2 e5 36. h4 gxh4 37. gxh4 e4 38. Rf2 Rg8+ 39. Kf1 e3 40. Rh2 d4 41. cxd4+ Kxd4 42. Ke2 Rc8 43. Kd1 Kd3 44. h5 Rg8 45. Rh1 Rg2 46. Kc1 Rc2+ 47. Kb1 Rc8 48. h6 e2 49. h7 Kd2 50. Rh2 Kd1 51.
Rh1+ e1=Q 0-1

[Event "Early-Titled-Tuesday-Blitz-November-28-2023"]
[Site "Chess.com"]
[Date "2023.11.28"]
[Round "11"]
[White "nuadvaga"]
[Black "DonCiao"]
[Result "1-0"]
[WhiteElo "2260"]
[BlackElo "2095"]
[TimeControl "180+1"]
[EndTime "10:11:53 PST"]
[Termination "nuadvaga won on time"]

1. e4 c5 2. c3 Nf6 3. e5 Nd5 4. d4 cxd4 5. Nf3 Nc6 6. cxd4 d6 7. Bc4 Nb6 8. Bb3 dxe5 9. d5 Na5 10. Nc3 e6 11. dxe6 Bxe6 12. Bxe6 Qxd1+ 13. Nxd1 fxe6 14. Nxe5 Nac4 15. Nxc4 Nxc4 16. O-O Bc5 17. b3 Bd4 18. Rb1 Ne5 19. Bb2 O-O-O 20. Bxd4 Rxd4 21. Re1 Nd3 22. Rxe6 Rf8 23. f3 Nf4 24. Re7 Rfd8 25.
Nc3 Rd2 26. Rxg7 Rc2 27. Nb5 a6 28. Na3 Rxa2 29. Nc4 Ne2+ 30. Kh1 h5 31. h4 Nf4 32. Rc1 Kb8 33. Nb6 Ne6 34. Re7 Rd6 35. Rc8+ Ka7 36. Nc4 Rd1+ 37. Kh2 Nf4 38. Rg7 Raa1 39. Rgg8 b5 40. Ra8+ Kb7 41. Rgb8+ Kc7 42. Rc8+ Kd7 43. Rd8+ Ke6 44. Rxd1 Rxd1 45. Rxa6+ Kd5 46. Rb6 Kc5 47. Rf6 bxc4 48. Rxf4 cxb3 49. Rf5+ Kc4 50. Rxh5 b2 51. Rh8 b1=Q 52. Rc8+ 1-0

[Event "Early-Titled-Tuesday-Blitz-November-28-2023"]
[Site "Chess.com"]
[Date "2023.11.28"]
[Round "11"]
[White "missponyo10"]
[Black "Roedor"]
[Result "1-0"]
[WhiteElo "2213"]
[BlackElo "2390"]
[TimeControl "180+1"]
[EndTime "10:11:54 PST"]
[Termination "missponyo10 won by resignation"]

1. e4 e5 2. Nf3 Nc6 3. Nc3 Nf6 4. d4 exd4 5. Nxd4 Bb4 6. Nxc6 bxc6 7. Bd3 d6 8. O-O Bc5 9. h3 Nd7 10. Bf4 Ne5 11. Bxe5 dxe5 12. Qf3 Qf6 13. Qxf6 gxf6 14. Ne2 Rb8 15. b3 Rg8 16. Kh2 Ke7 17. f3 Be6 18.
Rad1 Rg5 19. g4 h5 20. Kg3 Rh8 21. Rh1 Be3 22. Ba6 f5 23. exf5 Bxf5 24. Bd3 hxg4 25.
hxg4 Rxh1 26. Rxh1 Bxd3 27. cxd3 Rg6 28. Rh5 Ke6 29.
Nc3 Rg8 30. Rh1 f5 31. Nd1 Bf4+ 32. Kh3 Kd5 33. gxf5 Rg5 34. Nc3+ Kd4 35. Ne4 Rxf5 36. Kg4 Rf7 37. Rh8 Kxd3 38. Nc5+ Kc2 39. Ra8 Kb1 40.
a4 Be3 41. Nd3 Kc2 42. Nxe5 Rg7+ 43. Kf5 c5 44. Nc4 Bd4 45. Rb8 Rg3 46. Ke4 Rg1 47. f4 Rb1 48. Na3+ Kb2 49. Nxb1 Kxb1 50. f5 1-0

[Event "Early-Titled-Tuesday-Blitz-November-28-2023"]
[Site "Chess.com"]
[Date "2023.11.28"]
[Round "11"]
[White "Zhigalko_Sergei"]
[Black "AlexPapasimakopoulos"]
[Result "1-0"]
[WhiteElo "2922"]
[BlackElo "2672"]
[TimeControl "180+1"]
[EndTime "10:11:55 PST"]
[Termination "Zhigalko_Sergei won by checkmate"]

1. e4 e6 2. d4 d5 3. e5 a6 4. Nf3 Bd7 5. c3 c5 6. Bd3 Qb6 7. dxc5 Bxc5 8. b4 Bf8 9. O-O Ne7 10.
Re1 Nbc6 11. a4 Ng6 12. h4 Qc7 13. Qe2 Nge7 14. Bf4 f5 15. Nbd2 Ng6 16. Bg3 Be7 17.
h5 Nf8 18. Bxf5 g6 19. Bg4 gxh5 20. Bxh5+ Ng6 21. Qd3 Rg8 22. b5 Na5 23. Nd4 Nc4 24.
Nxc4 Qxc4 25. Qxc4 dxc4 26. Bf3 axb5 27. axb5 Rb8 28. Ra4 Bc5 29. Rb1 Ne7 30. Rxc4 b6 31. Ra4 Bxd4 32. cxd4 Nf5 33. Bf4 Nh4 34. Bh5+ Ke7 35.
g3 Nf5 36. Bf3 Nh4 37. Be4 Nf5 38. Ra7 Rgc8 39. Bxf5 exf5 40. e6 Kxe6 41. Re1+ Kd5 42. Rxd7+ Kc4 43. Bxb8 Rxb8 44. Rxh7 Rb7 45. Rxb7 Kb3 46.
Rxb6 Ka2 47. Rf6 f4 48. Rxf4 Ka3 49. d5 Ka2 50. d6 Ka3 51. Re3+ Ka2 52. Rd4 Ka1 53.
Rd2 Kb1 54. Re1# 1-0

[Event "Early-Titled-Tuesday-Blitz-November-28-2023"]
[Site "Chess.com"]
[Date "2023.11.28"]
[Round "11"]
[White "Igor_Lysyj"]
[Black "grandemestregringo"]
[Result "0-1"]
[WhiteElo "2792"]
[BlackElo "2638"]
[TimeControl "180+1"]
[EndTime "10:11:57 PST"]
[Termination "grandemestregringo won by resignation"]

1. d4 f5 2. Nf3 Nf6 3. g3 g6 4. Bg2 Bg7 5. O-O O-O 6. c4 d6 7. Nc3 Qe8 8. d5 Na6 9. Be3 Bd7 10. Bd4 c5 11. Bxf6 Bxf6 12. Qd2 b5 13. cxb5 Bxb5 14. Rfe1 Rb8 15. e4 Qd7 16. e5 Bg7 17. b3 Nb4 18.
Nxb5 Rxb5 19. Bf1 Rb6 20. Bc4 f4 21. e6 Qe8 22. g4 Bxa1 23. Rxa1 Rf6 24. a3 Na6 25.
Qa5 Qc8 26. Ng5 f3 27. Qc3 Nc7 28. Re1 Nb5 29. Bxb5 Rxb5 30. Re3 c4 31. Ne4 Rf4 32. bxc4 Rb1+ 33. Re1 Rxe1+ 34. Qxe1 Qxc4 35. Ng3 Qxd5 36. h3 h5 37. gxh5 gxh5 38. Qb1 Qxe6 39. Qc1 Qe5 40. Qc8+ Kg7 41. Qc1 Kf7 42. Qb1 h4 43. Qh7+ Ke6 44. Qg8+ Kd7 0-1

[Event "Early-Titled-Tuesday-Blitz-November-28-2023"]
[Site "Chess.com"]
[Date "2023.11.28"]
[Round "11"]
[White "Kotlyar_K"]
[Black "Willi_Skibbe"]
[Result "1-0"]
[WhiteElo "2636"]
[BlackElo "2302"]
[TimeControl "180+1"]
[EndTime "10:11:57 PST"]
[Termination "Kotlyar_K won by resignation"]

1. e4 e6 2. Nf3 d5 3. Nc3 Nf6 4.
e5 Nfd7 5. d4 c5 6. dxc5 Nc6 7.
Bf4 Nxc5 8. Bb5 a6 9. Bxc6+ bxc6 10. O-O Be7 11. Nd4 Qb6 12. Rb1 a5 13. Qg4 g6 14. Bh6 Ba6 15. Rfe1 Qb4 16. Qd1 Kd7 17. a3 Qc4 18. Qd2 Na4 19. Nxa4 Qxa4 20. c3 c5 21. Nf3 Rhb8 22. Bg5 Bf8 23. Red1 Rb3 24. Bh4 Rab8 25. Re1 Qb5 26. Qf4 Ke8 27. Qf6 Qd7 28.
Ng5 Qe7 29. Nxh7 Qxf6 30. Nxf6+ Kd8 31. Nxd5+ Kd7 32. Nf6+ Kc6 33. Rbd1 Rxb2 34. Nd7 Re8 35. Nxf8 Rxf8 36. Rd6+ Kb5 37. a4+ Kxa4 38. Rxa6 Kb5 39. Ra7 c4 40. h3 Kb6 41. Rd7 a4 42. Ra1 Ra8 43. Rd6+ Kc5 44. Be7 Kb5 45. Rd7 a3 46. Rxa3 Rxa3 47. Bxa3 Rb3 48. Bb4 Rb1+ 49. Kh2 Rf1 50. Kg3 Rd1 51. Rxf7 Rd3+ 52. f3 Ka4 53. Rf6 Kb3 54. Rxe6 Rxc3 55. Bxc3 1-0

[Event "Early-Titled-Tuesday-Blitz-November-28-2023"]
[Site "Chess.com"]
[Date "2023.11.28"]
[Round "11"]
[White "DeArron_Fox"]
[Black "margarita_2703"]
[Result "1/2-1/2"]
[WhiteElo "2472"]
[BlackElo "2358"]
[TimeControl "180+1"]
[EndTime "10:11:57 PST"]
[Termination "Game drawn by repetition"]

1. d4 d5 2. c4 e6 3. Nc3 Nf6 4. Nf3 Be7 5. Bg5 O-O 6. e3 a6 7.
cxd5 exd5 8. Bd3 h6 9. Bh4 c6 10. O-O Re8 11. Qc2 Nbd7 12. h3 Ne4 13. Bxe4 Bxh4 14.
Bh7+ Kh8 15. Nxh4 Qxh4 16. Bd3 Nf6 17. Rae1 Ne4 18. Bxe4 dxe4 19. Ne2 Be6 20. Ng3 Bd5 21. b3 h5 22. Ne2 g6 23. Nf4 Rad8 24. Qe2 Kg7 25.
Rc1 Qf6 26. Rc5 Qd6 27. Rfc1 Qe7 28. Qd2 h4 29. Nxd5 Rxd5 30. Rxd5 cxd5 31. Qa5 Rd8 32. Rc7 Rd7 33. Rc5 Qe6 34. Qc3 g5 35. Rc7 g4 36.
hxg4 Qxg4 37. Rxd7 Qxd7 38. Qc5 f6 39. Kh2 Kg6 40.
a4 Kh5 41. Qf8 Qc7+ 42. Kh3 Qd7+ 43. Kh2 Qf5 44. Qh8+ Kg4 45. Qg7+ Qg5 46. Qd7+ Qf5 47. Qxf5+ Kxf5 48. Kh3 Kg5 49. g3 hxg3 50. Kxg3 f5 51.
b4 b6 52. b5 a5 53. Kh3 f4 54. Kh2 Kg4 55. Kg2 f3+ 56. Kh2 Kh4 57. Kh1 Kh3 58. Kg1 Kg4 59. Kh1 Kh3 60. Kg1 Kh4 61. Kh2 Kg4 62.
Kh1 Kh4 63. Kh2 Kg4 64. Kg1 Kh4 65. Kf1 Kh3 66. Kg1 1/2-1/2

[Event "Early-Titled-Tuesday-Blitz-November-28-2023"]
[Site "Chess.com"]
[Date "2023.11.28"]
[Round "11"]
[White "Sconko"]
[Black "GiorgianBarbosa"]
[Result "0-1"]
[WhiteElo "2321"]
[BlackElo "2527"]
[TimeControl "180+1"]
[EndTime "10:11:58 PST"]
[Termination "GiorgianBarbosa won on time"]

1. e4 c5 2. Nc3 g6 3. d4 cxd4 4. Qxd4 Nf6 5. Nf3 Nc6 6. Qa4 d6 7. e5 dxe5 8. Nxe5 Bd7 9. Nxd7 Nxd7 10. Be3 Bg7 11. Bb5 O-O 12. O-O Nb6 13. Bxb6 axb6 14. Qh4 Ra5 15. a4 Nd4 16. Rad1 e5 17. Qxd8 Rxd8 18.
b4 Raa8 19. Bd3 Rac8 20. Nb5 Nxb5 21. axb5 f5 22. Bc4+ Kf8 23. Bb3 e4 24. Be6 Rb8 25. c4 Bc3 26. c5 Ke7 27. c6 Rxd1 28. c7 Rdd8 29. cxb8=Q Rxb8 30. Bd5 Bxb4 31. g3 Bc5 32. Kg2 Rd8 33. Bxb7 Rd2 34. Kg1 Kd6 35. Bc6 Ke5 36. Bb7 h6 37. Bc6 g5 38. Be8 f4 39. Bc6 f3 40. Bb7 g4 41. Bc6 e3 42. fxe3 Bxe3+ 43. Kh1 Kf5 44. h3 h5 45. Be8 Kg5 0-1